 Dungeon Crawl Stone Soup version 0.25.1-2-g60ff931df9 (webtiles) character file.

Game seed: 11819596961900872935

36 Descartes the Sneak (level 3, -1/14 HPs)
             Began as a Felid Enchanter on Aug 8, 2020.
             Slain by an adder (2 damage)
             ... on level 2 of the Dungeon.
             The game lasted 00:02:19 (1442 turns).

Descartes the Sneak (Felid Enchanter)               Turns: 1442, Time: 00:02:19

Health: -1/14      AC:  1    Str:  5    XL:     3   Next: 19%
Magic:  7/7        EV: 18    Int: 16    God:
Gold:   36         SH:  0    Dex: 16    Spells: 3/6 levels left
                                        Lives:  0   Deaths: 0

rFire    . . .     SeeInvis +     - Unarmed
rCold    . . .     Gourm    .   (shield unavailable)
rNeg     . . .     Faith    .   (armour unavailable)
rPois    .         Spirit   .   (helmet unavailable)
rElec    .         Reflect  .   (cloak unavailable)
rCorr    .         Harm     .   (gloves unavailable)
MR       .....                  (boots unavailable)
Stlth    ++++......             (no amulet)
HPRegen  0.04/turn              (no ring)
MPRegen  0.10/turn              (no ring)

@: lethally poisoned (-1 -> -18), quick
A: very small, no armour, no weapons or thrown items, stealth, claws 1, fangs 3,
see invisible, carnivore, speed 1, shaggy fur 1, slow metabolism 1, sharp paws
a: no special abilities


You were on level 2 of the Dungeon.
You were completely stuffed.

You visited 1 branch of the dungeon, and saw 2 of its levels.

You collected 36 gold pieces.

Inventory:

Missiles
 d - 45 stones
Scrolls
 a - a scroll of teleportation {unknown}
 f - a scroll of enchant armour {unknown}
 h - a scroll of blinking {unknown}
 j - a scroll of identify {unknown}
 k - a scroll of remove curse {unknown}
Potions
 e - a potion of curing {unknown}
 g - a potion of flight {unknown}
Comestibles
 b - 2 rations
 i - a chunk of flesh


   Skills:
 + Level 2.8 Dodging
 + Level 5.9 Stealth
 + Level 1.1 Unarmed Combat
 - Level 2.0 Spellcasting
 - Level 4.4 Hexes


You had 3 spell levels left.
You knew the following spells:

 Your Spells              Type           Power        Failure   Level  Hunger
a - Corona                Hex            ###....      3%          1    #......
b - Ensorcelled Hibernat  Hex/Ice        #.....       13%         2    ###....

Your spell library contained the following spells:

 Spells                   Type           Power        Failure   Level  Hunger
 Confusing Touch          Hex            ###.....     11%         3    ###....
 Tukima's Dance           Hex            ###.....     11%         3    ###....
 Dazzling Flash           Conj/Hex       #.....       26%         3    ###....


Dungeon Overview and Level Annotations

Branches:
Dungeon (2/15)

Altars:


Innate Abilities, Weirdness & Mutations

You cannot wear armour.
You are incapable of wielding weapons or throwing items.
Your paws allow you to move quietly. (Stealth)
You have sharp claws.
You have razor-sharp teeth.
You have supernaturally acute eyesight. (SInv)
You are carnivorous and can eat meat at any time.
You cover ground quickly.
You are covered in fur. (AC +1)
You have a slow metabolism.
Your sharp claws are effective at attacking unaware monsters.


Message History

You are lethally poisoned!
The adder poisons you!
You closely miss the adder.
The adder is heavily wounded.
You feel sick. The adder misses you.
You barely miss the adder. Your bite misses the adder.
The adder is heavily wounded.
You feel sick. The adder bites you.
You are more poisoned.
The adder poisons you!
The hobgoblin shouts!
You scratch the adder but do no damage.
The adder is heavily wounded.
You feel sick. The adder misses you. The adder bites you.
* * * LOW HITPOINT WARNING * * *
You scratch the adder.
The adder is severely wounded.
* * * LOW HITPOINT WARNING * * *
You feel sick. The adder bites you.
You die...

..........#
#.........#
#.........#
#.........#
#.........#
#........##
##..S......##
#...@.......#
#...........#
#...........#
.........<....#
####..$...<.......
##........#....
......g..<...(..
##..............
#/.........#..#


You could see an adder and a hobgoblin.

Vanquished Creatures
  2 dart slugs (D:1)
  A giant cockroach (D:1)
  5 goblins (D:1)
  6 hobgoblins (D:1)
  6 bats (D:1)
  4 frilled lizards (D:1)
  3 kobolds (D:1)
  5 rats (D:1)
32 creatures vanquished.

Notes
Turn   | Place    | Note
-------+----------+-------------------------------------------
     0 | D:1      | Descartes the Felid Enchanter began the quest for the Orb.
     0 | D:1      | Reached XP level 1. HP: 7/7 MP: 4/4
   146 | D:1      | Reached skill level 5 in Stealth
   146 | D:1      | Reached XP level 2. HP: 11/11 MP: 6/6
   974 | D:1      | Learned a level 2 spell: Ensorcelled Hibernation
  1017 | D:1      | Reached XP level 3. HP: 9/14 MP: 7/7
  1442 | D:2      | Slain by an adder

Illustrated notes

Levels and vault maps discovered:
D:1:      lightli_molten_gateway, layout_basic
D:2:      layout_rooms

Skill      XL: |  1 |
---------------+----+-----
Stealth        | 5 |  5.9
Dodging        | |  2.8
Unarmed Combat | |  1.1
Spellcasting   | |  2.0
Hexes          | |  4.4

Action                   || total
-------------------------++-------
Melee: Unarmed           ||   109
       Bite              ||     4
  Use: Potion            ||     2
 Stab: Sleeping          ||    11
  Eat: Chunk             ||     8
Armor: Skin              ||     6
Dodge: Dodged            ||    98
